 Dungeon Crawl Stone Soup version 0.19-a0-1720-gc855d72 (webtiles) character file.

1278 mrath the Cudgeler (level 8, -5/69 HPs)
             Began as a Minotaur Fighter on Sept 30, 2016.
             Was a Follower of Okawaru.
             Slain by a white ugly thing (24 damage)
             ... on level 5 of the Dungeon.
             The game lasted 00:21:10 (4584 turns).

mrath the Cudgeler (Minotaur Fighter)               Turns: 4584, Time: 00:21:12

Health: -5/69      AC: 20    Str: 22    XL:     8   Next: 29%
Magic:  6/7        EV:  8    Int:  5    God:    Okawaru [*.....]
Gold:   295        SH: 12    Dex: 11    Spells: 1 memorised, 6 levels left

rFire  . . .     SeeInvis .     J - +0 mace (protect)
rCold  . . .     Gourm    .     B - +0 plate armour
rNeg   . . .     Faith    .     x - +2 shield
rPois  .         Spirit   .     (helmet restricted)
rElec  .         Dismiss  .     (no cloak)
rCorr  .         Reflect  .     (no gloves)
MR     .....     Harm     .     (no boots)
Stlth  ..........               (no amulet)
                                (no ring)
                                r - +2 ring of evasion

@: protection aura
A: retaliatory headbutt, horns 2
a: Heroism, Renounce Religion


You were on level 5 of the Dungeon.
You worshipped Okawaru.
Okawaru was aware of your devotion.
You were hungry.

You visited 2 branches of the dungeon, and saw 7 of its levels.

You collected 295 gold pieces.

Inventory:

Hand Weapons
 a - a +0 flail
 z - a +0 blowgun
 J - a +0 mace of protection (weapon)
Missiles
 q - 5 throwing nets
 v - a tomahawk (quivered)
 A - 14 poisoned needles
Armour
 x - a +2 shield (worn)
 B - a +0 plate armour (worn)
Jewellery
 r - a +2 ring of evasion (left hand)
Wands
 e - a wand of polymorph (12/24)
Scrolls
 g - a scroll of teleportation {unknown}
 k - 2 scrolls of fog {unknown}
 l - 2 scrolls of immolation {unknown}
 n - a scroll of magic mapping {unknown}
 p - 3 scrolls of remove curse {unknown}
 u - 7 scrolls of identify
 w - a scroll of blinking {unknown}
 C - a scroll of noise {unknown}
 E - 2 scrolls of enchant armour {unknown}
 I - a scroll of amnesia {unknown}
 K - a scroll of random uselessness {unknown}
Potions
 b - a potion of ambrosia {unknown}
 c - 2 potions of agility {unknown}
 d - 2 potions of might
 i - 2 potions of flight
 m - 4 potions of curing
 o - a potion of lignification {unknown}
 t - a potion of cure mutation {unknown}
 D - 2 potions of berserk rage {unknown}
 G - 2 potions of heal wounds {unknown}
 H - a potion of haste {unknown}
Comestibles
 f - 3 bread rations
 h - 4 beef jerkies
 j - 2 chunks of flesh
 s - 8 meat rations


   Skills:
 + Level 5.5 Fighting
 + Level 7.0 Maces & Flails
 + Level 3.3 Throwing
 + Level 5.7 Armour
 + Level 3.6 Dodging
 + Level 5.8 Shields
 - Level 0.1 Spellcasting
 + Level 0.8 Invocations
 + Level 1.0 Evocations


You had 6 spell levels left.
You knew the following spells:

 Your Spells              Type           Power        Failure   Level  Hunger
a - Magic Dart            Conj           #...         100%        1    ##.....


Dungeon Overview and Level Annotations

Branches:
Dungeon (6/15)             Temple (1/1) D:5

Altars:
Ashenzari
Cheibriados
Dithmenos
Elyvilon
Fedhas
Hepliaklqana
Makhleb
Nemelex Xobeh
Okawaru
Qazlal
Ru
Trog
Uskayaw
Vehumet
Xom
Yredelemnul
Zin
The Shining One


Innate Abilities, Weirdness & Mutations

You reflexively headbutt those who attack you in melee.
You have a pair of horns on your head.


Message History

You barely miss the white ugly thing. You headbutt the white ugly thing.
The white ugly thing is heavily wounded.
You feel like a meek peon again.
You block the white ugly thing's attack.
You closely miss the white ugly thing.
The white ugly thing is heavily wounded.
The white ugly thing headbutts you but does no damage.
Your shield and plate armour prevent you from hitting the white ugly thing.
The white ugly thing is heavily wounded.
You are feeling hungry.
The white ugly thing headbutts you. The white ugly thing freezes you!!
You thump the white ugly thing!
Your weapon exudes an aura of protection.
You headbutt the white ugly thing.
The white ugly thing is severely wounded.
The white ugly thing headbutts you but does no damage.
The white ugly thing headbutts you.
* * * LOW HITPOINT WARNING * * *
The white ugly thing freezes you!!
You die...

#####.# #...##........<...
#.....# #...##.#####...###
#.###.# #...##.#####....## ..#
#.# #...##.##.........
..###.##########...##.##.##.#..#.
.#.......................##......
###.#.......................####.
.#..#.###................##.# ##
..#.#..##.#####u@....######.#
.##.##.##.# #....#.# #.#
###.##>##.# #....#.# #.#
###.......# #....#.# #.#
.#####.#### #....#.######.#### .#
#.# #.......##.......# .#####.#
#.#.###.##.##.##.## .......#
#####...###^##.##...... .#######
##........##.##.#####.#.


You could see a white ugly thing.

Vanquished Creatures
  A phantom (D:4)
  A necrophage (D:6)
  3 ogres
  A centaur (D:6)
  A big kobold (D:5)
  A gnoll sergeant (D:6)
  A water moccasin zombie (D:6)
  A scorpion (D:5)
  A crimson imp (D:5)
  2 hounds
  A jelly (D:6)
  A bullfrog skeleton (D:4)
  3 orc wizards
  An iguana (D:5)
  3 worker ants (D:4)
  A killer bee zombie (D:6)
  A hound zombie (D:6)
  A howler monkey skeleton (D:4)
  3 gnolls (D:6)
  2 adders
  An ooze (D:1)
  5 dart slugs
  6 leopard geckos
  15 orcs
  3 giant cockroaches
  7 goblins
  5 hobgoblins
  14 jackals
  8 kobolds
  3 quokkas
  4 bats
  3 frilled lizards
  A giant cockroach zombie (D:6)
  6 rats
  A plant (D:5)
112 creatures vanquished.

Notes
Turn   | Place    | Note
-------+----------+-------------------------------------------
     0 | D:1      | mrath the Minotaur Fighter began the quest for the Orb.
     0 | D:1      | Reached XP level 1. HP: 19/19 MP: 0/0
    83 | D:1      | Reached skill level 3 in Maces & Flails
   229 | D:1      | Reached XP level 2. HP: 26/26 MP: 1/1
   287 | D:1      | Reached skill level 4 in Maces & Flails
   334 | D:1      | Reached XP level 3. HP: 29/31 MP: 2/2
   789 | D:2      | Found a hide-covered altar of Uskayaw.
   791 | D:2      | Found a glowing golden altar of the Shining One.
   812 | D:2      | Noticed an enchanted hand axe
   812 | D:2      | Noticed a dagger
  1011 | D:2      | Reached skill level 5 in Maces & Flails
  1243 | D:2      | Reached XP level 4. HP: 36/39 MP: 3/3
  1684 | D:3      | Found a bloodstained altar of Trog.
  1861 | D:3      | Reached skill level 1 in Dodging
  1901 | D:3      | Found a radiant altar of Vehumet.
  1947 | D:3      | Reached XP level 5. HP: 46/46 MP: 4/4
  1964 | D:3      | Learned a level 1 spell: Magic Dart
  2244 | D:4      | Noticed a phantom
  2260 | D:4      | Killed a phantom
  2260 | D:4      | Reached skill level 1 in Throwing
  2481 | D:4      | Noticed an ogre
  2488 | D:4      | Killed an ogre
  2488 | D:4      | Reached XP level 6. HP: 52/52 MP: 5/5
  2509 | D:4      | Reached skill level 6 in Maces & Flails
  2591 | D:4      | Found a stormy altar of Qazlal.
  2593 | D:4      | Noticed an air elemental
  2594 | D:4      | Noticed a fire elemental
  2594 | D:4      | Noticed a water elemental
  2782 | D:4      | Found a white marble altar of Elyvilon.
  3129 | D:4      | Reached XP level 7. HP: 56/60 MP: 6/6
  3172 | D:5      | Entered Level 5 of the Dungeon
  3342 | D:5      | Found a staircase to the Ecumenical Temple.
  3349 | Temple   | Entered the Ecumenical Temple
  3374 | Temple   | Became a worshipper of Warmaster Okawaru
  3471 | D:5      | Reached skill level 5 in Shields
  3716 | D:5      | Reached skill level 5 in Armour
  3913 | D:5      | Reached skill level 5 in Fighting
  3990 | D:5      | Reached * piety under Okawaru
  4290 | D:6      | Reached XP level 8. HP: 65/68 MP: 7/7
  4533 | D:6      | Reached skill level 7 in Maces & Flails
  4533 | D:6      | Reached skill level 1 in Evocations
  4535 | D:6      | Noticed a white ugly thing
  4536 | D:6      | Noticed a hill giant
  4584 | D:5      | Slain by a white ugly thing

Vault maps used:
D:1:      ncdulo_halloftheorcs
D:2:      dancing_weapons_uskayaw, tso_altar
D:3:      bloody_trog, marbit_many_paths
D:4:      elyvilon_altar_3, first_bread, nicolae_qazlal_style_of_elements
D:5:      lexackson_kobold_supper
D:6:      old_standard_altar, kiku_gazebo_garden_becter, led_sif_pool,
          serial_undead, serial_undead_a, serial_undead_a, serial_undead_b,
          serial_undead_f, hangedman_decor_slide_cut, minmay_divided_ellipse
Temple:   nicolae_temple_great_sept

Skill      XL: |  1  2  3  4  5  6  7  8 |
---------------+-------------------------+-----
Maces & Flails | 3 4 5 6 7 |  7.0
Dodging        | 1 2 3 |  3.6
Fighting       | 4 5 |  5.5
Throwing       | 1 2 3 |  3.3
Armour         | 4 5 |  5.7
Shields        | 4 5 |  5.8
Evocations     | 1 |  1.0
Spellcasting   | |  0.1
Invocations    | |  0.8

Action                   |  1- 3 |  4- 6 |  7- 9 || total
-------------------------+-------+-------+-------++-------
Melee: Flail             |   106 |   157 |     6 ||   269
       Headbutt          |     7 |    24 |    47 ||    78
       Mace              |       |       |   197 ||   197
Throw: Tomahawk          |       |     6 |    15 ||    21
Invok: Heroism           |       |       |     3 ||     3
  Use: Scroll            |       |       |     2 ||     2
  Eat: Chunk             |     1 |     6 |     3 ||    10
       Royal jelly       |       |       |     1 ||     1
Armor: Scale mail        |    43 |       |       ||    43
       Chain mail        |     8 |    62 |     2 ||    72
       Plate armour      |       |       |    77 ||    77
Dodge: Dodged            |    24 |    31 |    33 ||    88
Block: Shield            |    46 |    86 |   108 ||   240
